[Event "Belt and Road Women 2024"]
[Site "Yuecheng Shaoxing"]
[Date "2024.07.28"]
[Round "5.1"]
[White "Tan, Zhongyi"]
[Black "Lu, Miaoyi"]
[Result "1-0"]
[ECO "C45"]
[WhiteElo "2540"]
[BlackElo "2449"]
[Annotator "TA"]
[PlyCount "87"]
[EventDate "2024.08.01"]
[EventType "swiss"]
[EventCountry "CHN"]
[SourceTitle "playchess.com"]
[Source "ChessBase"]
[SourceQuality "1"]
[TimeControl "5400+30"]

1. e4 e5 2. Nf3 Nc6 3. d4 exd4 4. Nxd4 Bc5 5. Nb3 Bb6 6. Nc3 Qf6 7. Qe2 Nge7 8. h4 d6 9. Bg5 Qg6 10. a4 {[%emt 0:00:54] And now a5 would win.} f6 {[%emt 0:11:24] The position is equal.} 11. Bd2 Be6 (11... Bg4 $11 12. f3 Be6) 12. Nd5 $1 $16 {[%emt 0:08:19] a5 would now be deadly.} Bxd5 (12... a5 $14) 13. exd5 Qxc2 14. dxc6 Qxb3 15. cxb7 Rb8 16. a5 Bd4 (16... Bc5 $16) 17. a6 $1 $18 Qxb2 18. Ra4 (18. Rd1 $18 {Hoping for Qb5+.} Qb6 19. h5) 18... Qb1+ $16 19. Qd1 Qb6 ({Better is} 19... Qxd1+ $1 $14 20. Kxd1 Bxf2) 20. Rb4 (20. Bd3 $16 Bxf2+ 21. Kf1) 20... Bxf2+ $14 21. Ke2 Qc5 22. Qa4+ c6 $2 (22... Kd8 $16) 23. Rc4 (23. Rf4 $142) 23... Qd5 $18 24. Kxf2 Qxd2+ 25. Be2 O-O 26. Rd1 {[%emt 0:00:20][%mdl 1024] White has strong compensation.} Qb2 27. Rb4 (27. Rxd6 Qb6+ 28. Kf3 Nf5) 27... Qe5 28. Re4 Qc5+ 29. Qd4 Qxd4+ 30. Rdxd4 (30. Rexd4 $6 d5 $14) 30... Nf5 {[%emt 0:00:20][%cal Od6d5] aiming for ...d5!} 31. Rd2 {[%emt 0:00:26] Black must now prevent Bg4.} Rfd8 32. Bg4 $1 d5 33. Re6 Nd6 34. Rc2 $36 {[%emt 0:00:11][%mdl 2048] White is on the roll.} f5 (34... Nxb7 $142 35. axb7 Rxb7 36. Rexc6 (36. Rcxc6 d4 $18) 36... d4) 35. Rxc6 Ne4+ {[%emt 0:01:15] [#]} 36. Rxe4 $1 fxe4 {[%emt 0:00:36][%mdl 4096] Endgame. [#] KRR-KRB} 37. Rc8 $1 Rf8+ (37... d4 $11) 38. Ke3 Kf7 {[%emt 0:01:48] Inhibits Be6+.} 39. Kd4 e3 $2 (39... h5 40. Rc7+ (40. Bxh5+ Ke6 $18) 40... Kf6 41. Rc6+ (41. Bxh5 g5 $18) 41... Ke7 42. Bxh5 Rf6 43. Rxf6 (43. Kxd5 $2 {perishes.} Rf5+ 44. Kxe4 Rxh5 $19) 43... gxf6 44. Kxd5 Kd7 45. Kxe4 (45. Bg4+ Kc7 $18) 45... Kc7) 40. Kxe3 Ke7 {[%emt 0:00:50] [#]} 41. Rxf8 $1 Kxf8 42. Kd4 Ke7 43. Kxd5 h5 44. Bh3 {[%emt 0:00:14] Weighted Error Value: White=0.33/Black=0.41.  Loses game:     	---       	Black=2      Missed win:     	White=1     	---        Mistake:       	White=3     	Black=5      OK:         	White=7     	Black=13     Best:        	White=9     	Black=5      Strong:       	White=3     	---        Brilliant:      	White=1     	---} 1-0

[Event "Belt and Road Women 2024"]
[Site "Yuecheng Shaoxing"]
[Date "2024.07.28"]
[Round "5.2"]
[White "Velpula Sarayu"]
[Black "Badelka, Olga"]
[Result "0-1"]
[ECO "C92"]
[WhiteElo "2384"]
[BlackElo "2389"]
[Annotator "RC"]
[PlyCount "84"]
[EventDate "2024.08.01"]
[EventType "swiss"]
[EventCountry "CHN"]
[SourceTitle "playchess.com"]
[Source "ChessBase"]
[SourceQuality "1"]
[TimeControl "5400+30"]

1. e4 e5 2. Nf3 Nc6 3. Bb5 a6 4. Ba4 Nf6 5. O-O Be7 6. Re1 b5 7. Bb3 d6 8. c3 O-O 9. h3 Bb7 10. d4 Re8 11. Ng5 Rf8 12. Nf3 Re8 13. Nbd2 Bf8 14. Bc2 g6 15. d5 Nb8 16. b3 c6 17. c4 Qc7 18. Nf1 Rc8 19. Bd3 Nbd7 20. Ng3 bxc4 21. bxc4 Nc5 22. Bf1 a5 23. Bg5 Nfd7 24. Nh2 cxd5 25. cxd5 Ba6 26. h4 Bxf1 27. Rxf1 h6 28. Be3 h5 29. Bg5 Bg7 30. Rc1 a4 31. Nf3 Nf6 32. Nd2 Rab8 33. Be3 Ng4 34. Qe2 Rb2 35. f3 Nxe3 36. Qxe3 Rxa2 37. Nc4 Nb3 38. Nxd6 Nxc1 39. Nxc8 Qc2 40. Rf2 Qxf2+ 41. Qxf2 Rxf2 42. Kxf2 a3 0-1

[Event "Belt and Road Women 2024"]
[Site "Yuecheng Shaoxing"]
[Date "2024.07.28"]
[Round "5.3"]
[White "Pham, Le Thao Nguyen"]
[Black "Shuvalova, Polina"]
[Result "0-1"]
[ECO "E51"]
[WhiteElo "2395"]
[BlackElo "2467"]
[Annotator "TA"]
[PlyCount "50"]
[EventDate "2024.08.01"]
[EventType "swiss"]
[EventCountry "CHN"]
[SourceTitle "playchess.com"]
[Source "ChessBase"]
[SourceQuality "1"]
[TimeControl "5400+30"]

1. d4 Nf6 2. c4 e6 3. Nc3 Bb4 4. e3 O-O 5. Bd2 d5 6. Nf3 b6 7. a3 Be7 8. Bd3 Bb7 9. O-O Nbd7 {[%emt 0:03:32] The position is equal.} 10. b4 (10. cxd5 $11 exd5 11. b4) 10... dxc4 $15 11. Bxc4 c5 12. dxc5 bxc5 13. b5 Bxf3 14. gxf3 (14. Qxf3 $2 {loses.} Ne5 15. Qe2 Nxc4 $19) 14... Ne5 15. Be2 c4 16. Qc2 Qd7 (16... Nd3 {feels hotter.} 17. Na2 Qd5 18. Bb4 Rae8) 17. Rfd1 Nd3 (17... Rac8 $15) 18. a4 ({Better is} 18. e4 $11) 18... Rfd8 19. Be1 Bb4 $36 {[%emt 0:08:28][%mdl 2048] Black has some pressure.} 20. Qb1 ({White should play} 20. Rac1 $15) 20... Ba5 $17 {[%emt 0:00:54] Black has more active pieces.} 21. Bd2 {[%emt 0:03:44] [#]} e5 $1 22. Ra2 $2 (22. Ne4 Nxe4 23. Bxa5 Nexf2 24. Rf1 Nh3+ 25. Kh1) 22... Qf5 $19 23. Rf1 Rd6 24. Kh1 Qh3 {[%emt 0:00:05][%cal Of6g4] ( -> ...Ng4!)} 25. Nd1 {[%emt 0:00:42] [#]} Ng4 $1 {[%emt 0:01:00][%mdl 512] Weighted Error Value: White=1.05/Black=0.06 (flawless) .  Mistake:       	White=4     	Black=1      Inaccurate:     	White=1     	---        OK:         	White=2     	Black=8      Best:        	White=1     	Black=1      Strong:       	---       	Black=1} 0-1

[Event "Belt and Road Women 2024"]
[Site "Yuecheng Shaoxing"]
[Date "2024.07.28"]
[Round "5.4"]
[White "Wagner, Dinara"]
[Black "Guo, Qi"]
[Result "1/2-1/2"]
[ECO "E04"]
[WhiteElo "2454"]
[BlackElo "2362"]
[Annotator "RC"]
[PlyCount "76"]
[EventDate "2024.08.01"]
[EventType "swiss"]
[EventCountry "CHN"]
[SourceTitle "playchess.com"]
[Source "ChessBase"]
[SourceQuality "1"]
[TimeControl "5400+30"]

1. d4 Nf6 2. c4 e6 3. Nf3 d5 4. g3 dxc4 5. Bg2 Bd7 6. Qc2 c5 7. Qxc4 Bc6 8. dxc5 Nbd7 9. Nc3 Bxc5 10. b4 Be7 11. O-O Rc8 12. Qb3 O-O 13. Bb2 Qb6 14. a3 Nc5 15. Qa2 Nce4 16. Nxe4 Bxe4 17. Rac1 a5 18. bxa5 Qxa5 19. Nd4 Bxg2 20. Kxg2 Qd5+ 21. Qxd5 Nxd5 22. Nb5 Rc5 23. Rxc5 Bxc5 24. Rc1 b6 25. Bd4 Bxd4 26. Nxd4 Ra8 27. a4 g5 28. Rc4 Kg7 29. Kf3 Kg6 30. Nc6 Kg7 31. e4 Nf6 32. Ne5 Ra5 33. Nc6 Ra8 34. Ne5 Ra5 35. Nd3 Nd7 36. Rb4 Nc5 37. Nxc5 bxc5 38. Rb5 Rxa4 1/2-1/2

[Event "Belt and Road Women 2024"]
[Site "Yuecheng Shaoxing"]
[Date "2024.07.28"]
[Round "5.5"]
[White "Zhai, Mo"]
[Black "Mammadzada, Gunay"]
[Result "1/2-1/2"]
[ECO "D14"]
[WhiteElo "2348"]
[BlackElo "2444"]
[Annotator "RC"]
[PlyCount "80"]
[EventDate "2024.08.01"]
[EventType "swiss"]
[EventCountry "CHN"]
[SourceTitle "playchess.com"]
[Source "ChessBase"]
[SourceQuality "1"]
[TimeControl "5400+30"]

1. d4 d5 2. c4 c6 3. Nc3 Nf6 4. cxd5 cxd5 5. Bf4 Nc6 6. e3 Bf5 7. Nf3 e6 8. Qb3 Bb4 9. Bb5 O-O 10. Bxc6 Bxc3+ 11. Qxc3 Ne4 12. Qa3 bxc6 13. O-O g5 14. Bg3 f6 15. Rfc1 Qd7 16. Qa5 Rac8 17. Nd2 Nxd2 18. Qxd2 h5 19. h3 Qg7 20. Qe2 h4 21. Bh2 e5 22. dxe5 fxe5 23. e4 dxe4 24. Rc3 Qg6 25. Re1 Kh7 26. Rc5 Rce8 27. Qe3 Rf7 28. Rxe5 Rg8 29. f3 exf3 30. Qxf3 g4 31. hxg4 Qxg4 32. Qxg4 Rxg4 33. R1e3 Kg6 34. Re8 Rd7 35. Rg8+ Kf7 36. Rxg4 Bxg4 37. Re4 Rd1+ 38. Kf2 Rd2+ 39. Kg1 Rd1+ 40. Kf2 Rd2+ 1/2-1/2

[Event "Belt and Road Women 2024"]
[Site "Yuecheng Shaoxing"]
[Date "2024.07.28"]
[Round "5.6"]
[White "Stefanova, Antoaneta"]
[Black "Kurmangaliyeva, Liya"]
[Result "1-0"]
[ECO "A07"]
[WhiteElo "2417"]
[BlackElo "2282"]
[Annotator "RC"]
[PlyCount "115"]
[EventDate "2024.08.01"]
[EventType "swiss"]
[EventCountry "CHN"]
[SourceTitle "playchess.com"]
[Source "ChessBase"]
[SourceQuality "1"]
[TimeControl "5400+30"]

1. Nf3 d5 2. g3 Bg4 3. Bg2 c6 4. O-O Nd7 5. d4 e6 6. c4 Ngf6 7. cxd5 exd5 8. Nc3 Bd6 9. Nh4 Nf8 10. f3 Bd7 11. e4 Be7 12. exd5 Nxd5 13. Nxd5 cxd5 14. f4 Ng6 15. Nf3 O-O 16. Qb3 Qb6 17. Qxd5 Rfd8 18. Qb3 Be6 19. Qxb6 axb6 20. a3 Bc4 21. Rd1 Be2 22. Re1 Bxf3 23. Bxf3 Bf6 24. Be3 Bxd4 25. Bxd4 Rxd4 26. Bxb7 Rad8 27. Bf3 Nf8 28. Rac1 Rd3 29. Red1 Ne6 30. Rxd3 Rxd3 31. Be4 Rd8 32. b4 g6 33. Rc6 Rd4 34. Bg2 b5 35. Bf1 Rd1 36. Rc3 Kg7 37. Rd3 Ra1 38. Kf2 Kf6 39. h4 h6 40. Be2 g5 41. fxg5+ hxg5 42. Rf3+ Kg7 43. hxg5 Nxg5 44. Re3 Ra2 45. Ke1 Ra1+ 46. Kd2 Ra2+ 47. Kc1 Ra1+ 48. Kc2 Ne6 49. Bxb5 Nd4+ 50. Kb2 Rg1 51. Bd3 Kf6 52. b5 Ne6 53. a4 Rg2+ 54. Ka3 Ke7 55. Bc4 Kd6 56. Bxe6 fxe6 57. Rc3 Rg1 58. b6 1-0

[Event "Belt and Road Women 2024"]
[Site "Yuecheng Shaoxing"]
[Date "2024.07.28"]
[Round "5.7"]
[White "Xiao, Yiyi"]
[Black "Beydullayeva, Govhar"]
[Result "1-0"]
[ECO "C48"]
[WhiteElo "2338"]
[BlackElo "2417"]
[Annotator "RC"]
[PlyCount "223"]
[EventDate "2024.08.01"]
[EventType "swiss"]
[EventCountry "CHN"]
[SourceTitle "playchess.com"]
[Source "ChessBase"]
[SourceQuality "1"]
[TimeControl "5400+30"]

1. e4 e5 2. Nf3 Nc6 3. Nc3 Nf6 4. Bb5 Nd4 5. O-O c6 6. Bd3 Nxf3+ 7. Qxf3 d6 8. Be2 g6 9. d3 Bg4 10. Qe3 Bxe2 11. Qxe2 Bg7 12. f4 Qb6+ 13. Kh1 Nd7 14. f5 O-O-O 15. a4 a5 16. Be3 Nc5 17. Rab1 h5 18. b4 axb4 19. Na2 Bh6 20. Bg1 Qa5 21. Rxb4 Rd7 22. Rc4 Bg5 23. Rb1 Re8 24. Bf2 Bd8 25. Nc1 b6 26. Nb3 Qa8 27. a5 Nxb3 28. cxb3 bxa5 29. Qa2 Ree7 30. b4 Kb8 31. Bh4 Re8 32. bxa5+ Kc8 33. Bxd8 Kxd8 34. f6 c5 35. Rc2 Kc8 36. Rcb2 Re6 37. Qd5 Qa7 38. a6 Rc7 39. Rb7 Qxa6 40. Qxe6+ fxe6 41. f7 Rxf7 42. Rxf7 Qxd3 43. Ra1 Kb8 44. h3 Qxe4 45. Raa7 Qc6 46. Rad7 Qc8 47. Rxd6 c4 48. Rb6+ Ka8 49. Rf1 Ka7 50. Rb4 Qa6 51. Rc1 c3 52. Rb3 c2 53. Rb2 h4 54. Rbxc2 Qb6 55. Ra2+ Kb7 56. Rcc2 Qb1+ 57. Kh2 Qe1 58. Rab2+ Ka6 59. Rb3 Qa5 60. Rc6+ Ka7 61. Rcc3 Qd5 62. Rb4 Qa5 63. Rcc4 Qd5 64. Rxh4 e4 65. Rbxe4 Qd6+ 66. Kg1 Qc5+ 67. Kf1 Qc1+ 68. Kf2 Qc5+ 69. Re3 Qc2+ 70. Kf3 Qd1+ 71. Kf2 Qc2+ 72. Kg3 Qc7+ 73. Kf3 Qf7+ 74. Rf4 Qb7+ 75. Kg3 Qd5 76. Rfe4 Qd6+ 77. Kf2 Qd2+ 78. Re2 Qc1 79. Rxe6 Qf4+ 80. Kg1 g5 81. R6e4 Qc1+ 82. Kh2 Kb6 83. Rg4 Qc7+ 84. Rg3 g4 85. Rb2+ Ka6 86. hxg4 Qf4 87. Rb1 Ka5 88. g5 Ka4 89. Kh3 Qf5+ 90. Rg4+ Ka3 91. Rb7 Qg6 92. Rbb4 Qh7+ 93. Rh4 Qd3+ 94. Kh2 Qd6+ 95. Rbf4 Kb3 96. Rhg4 Qg6 97. Rg3+ Kc2 98. Rh4 Kd2 99. Rh6 Qg7 100. Rd6+ Ke2 101. Re6+ Kd2 102. g6 Qh8+ 103. Kg1 Qa1+ 104. Kf2 Qd4+ 105. Ree3 Qf6+ 106. Kg1 Qg7 107. Rd3+ Kc2 108. Rdf3 Kd2 109. Rf2+ Ke1 110. Re3+ Kd1 111. Kf1 Qc3 112. Ree2 1-0

[Event "Belt and Road Women 2024"]
[Site "Yuecheng Shaoxing"]
[Date "2024.07.28"]
[Round "5.8"]
[White "Yan, Tianqi"]
[Black "Garifullina, Leya"]
[Result "1-0"]
[ECO "B94"]
[WhiteElo "2306"]
[BlackElo "2458"]
[Annotator "RC"]
[PlyCount "173"]
[EventDate "2024.08.01"]
[EventType "swiss"]
[EventCountry "CHN"]
[SourceTitle "playchess.com"]
[Source "ChessBase"]
[SourceQuality "1"]
[TimeControl "5400+30"]

1. e4 c5 2. Nf3 d6 3. d4 cxd4 4. Nxd4 Nf6 5. Nc3 a6 6. Bg5 Nbd7 7. Qe2 e6 8. f4 Qa5 9. O-O-O Be7 10. Kb1 h6 11. Bh4 g5 12. fxg5 hxg5 13. Nb3 Qc7 14. Bxg5 b5 15. a3 Rb8 16. Qe1 Ne5 17. Bd3 Bd7 18. Rf1 Ng8 19. Qg3 Bxg5 20. Qxg5 Ne7 21. Be2 b4 22. axb4 Rxb4 23. Bxa6 Qb6 24. Be2 Rg8 25. Qf6 Rxg2 26. Bh5 N7g6 27. Bxg6 Rxg6 28. Qh8+ Ke7 29. Qh4+ Kf8 30. Rd2 Be8 31. Rdf2 Qe3 32. Qd8 Qb6 33. Qh4 Qe3 34. Re2 Qb6 35. Qh8+ Ke7 36. h4 Rg3 37. Qf6+ Kd7 38. h5 Rh3 39. h6 Qd8 40. Qg7 Kc7 41. h7 Qh4 42. Qf8 Rb8 43. Rd1 Rd8 44. Nd4 Kb8 45. h8=Q Qxh8 46. Qe7 Qh4 47. Qxh4 Rxh4 48. Ndb5 Bxb5 49. Nxb5 Kb7 50. Nxd6+ Kc6 51. Red2 Rdh8 52. b3 Rh1 53. Rxh1 Rxh1+ 54. Kb2 Rf1 55. Ne8 Rf4 56. Rd4 Nf3 57. Rd3 Ng5 58. e5 Re4 59. Rc3+ Kb6 60. Nd6 Rf4 61. Rc8 Nf3 62. c4 Nxe5 63. c5+ Ka7 64. Ka3 Nd3 65. Rc7+ Ka6 66. Rc6+ Ka7 67. Rc7+ Ka6 68. Rc8 Ka7 69. c6 Kb6 70. c7 Rf1 71. b4 Rc1 72. Ne8 Rc3+ 73. Ka2 Nxb4+ 74. Kb2 Rxc7 75. Rxc7 f5 76. Re7 Kc5 77. Rxe6 Kd5 78. Nc7+ Kd4 79. Kc1 Nd3+ 80. Kd2 Ne5 81. Re8 f4 82. Ke2 Ke4 83. Kf2 Kf5 84. Nb5 Nd3+ 85. Ke2 Ne5 86. Nd4+ Kf6 87. Re6+ 1-0

[Event "Belt and Road Women 2024"]
[Site "Yuecheng Shaoxing"]
[Date "2024.07.28"]
[Round "5.9"]
[White "Chen, Yining"]
[Black "Ni, Shiqun"]
[Result "0-1"]
[ECO "D24"]
[WhiteElo "2300"]
[BlackElo "2352"]
[Annotator "RC"]
[PlyCount "160"]
[EventDate "2024.08.01"]
[EventType "swiss"]
[EventCountry "CHN"]
[SourceTitle "playchess.com"]
[Source "ChessBase"]
[SourceQuality "1"]
[TimeControl "5400+30"]

1. d4 d5 2. c4 e6 3. Nf3 Nf6 4. Nc3 dxc4 5. e4 Bb4 6. Bxc4 Nxe4 7. O-O Nf6 8. Qa4+ Nc6 9. Ne5 a5 10. Rd1 O-O 11. Nxc6 bxc6 12. Qxc6 Bd7 13. Qf3 a4 14. Bg5 h6 15. Bh4 Be7 16. Rac1 Rb8 17. b3 axb3 18. Bxb3 Rb4 19. Bxf6 Bxf6 20. Ne4 Ba4 21. Qc3 Bxb3 22. axb3 Rb6 23. Qc4 c6 24. Qa4 Qd5 25. Nxf6+ gxf6 26. Rd3 Rfb8 27. Rg3+ Kh7 28. h3 Rxb3 29. Rxb3 Rxb3 30. Rc5 Rb1+ 31. Kh2 Qd6+ 32. g3 Rb2 33. Rc2 Rxc2 34. Qxc2+ Kg7 35. Qc3 Qd5 36. f4 Qe4 37. Kg1 h5 38. h4 Kg6 39. Qc5 Qf3 40. Qc2+ Kh6 41. Kh2 Kg7 42. Qb2 Qd3 43. Qc1 Qxd4 44. Qxc6 e5 45. fxe5 fxe5 46. Qf3 Kg6 47. Qc6+ Kg7 48. Qf3 Qg4 49. Qe3 Qf5 50. Kg2 Kg6 51. Qb6+ f6 52. Qd8 Qe4+ 53. Kh2 Qc2+ 54. Kg1 Qc5+ 55. Kh2 Qc2+ 56. Kg1 Qb1+ 57. Kh2 Qa2+ 58. Kg1 Qe6 59. Qd3+ e4 60. Qe3 Qd5 61. Qf4 Qd1+ 62. Kg2 Qd5 63. Kg1 Qd4+ 64. Kg2 Qb2+ 65. Kg1 Qb1+ 66. Kg2 Qa2+ 67. Kg1 Qd5 68. Qe3 Qd3 69. Qf4 e3 70. Qb8 Qd1+ 71. Kh2 Qc2+ 72. Kh3 Qf5+ 73. Kh2 Qe6 74. Qb1+ Kg7 75. Qe1 e2 76. Kg2 Qe3 77. Kh2 Qf3 78. Kg1 Kf7 79. Kh2 Qf1 80. Qa5 e1=Q 0-1

[Event "Belt and Road Women 2024"]
[Site "Yuecheng Shaoxing"]
[Date "2024.07.28"]
[Round "5.10"]
[White "Velikic, Adela"]
[Black "Zhang, Lanlin"]
[Result "0-1"]
[ECO "D36"]
[WhiteElo "2290"]
[BlackElo "2161"]
[Annotator "RC"]
[PlyCount "144"]
[EventDate "2024.08.01"]
[EventType "swiss"]
[EventCountry "CHN"]
[SourceTitle "playchess.com"]
[Source "ChessBase"]
[SourceQuality "1"]
[TimeControl "5400+30"]

1. c4 e6 2. Nc3 d5 3. d4 Nf6 4. cxd5 exd5 5. Bg5 c6 6. e3 Be7 7. Bd3 O-O 8. Qc2 h6 9. Bh4 Re8 10. Nf3 Ne4 11. Bxe7 Qxe7 12. Bxe4 dxe4 13. Nd2 f5 14. O-O Nd7 15. Nc4 Nf6 16. Rfd1 Be6 17. Ne5 Rad8 18. Na4 Bd5 19. Rdc1 Rc8 20. Qd2 Nh5 21. Nc3 Be6 22. Qd1 Nf6 23. Qa4 c5 24. Qxa7 cxd4 25. exd4 Qb4 26. Rab1 Red8 27. Ng6 Kh7 28. Nf4 Bc4 29. a3 Qd6 30. Nfe2 Bd3 31. Ra1 f4 32. Qa5 f3 33. Ng3 Qxd4 34. Nd1 Rxc1 35. Rxc1 Be2 36. Ne3 Qxb2 37. Re1 Qd2 38. Qxd2 Rxd2 39. Rb1 Ba6 40. h3 Rd3 41. a4 Rd4 42. Ra1 fxg2 43. Ngf5 Rb4 44. Kxg2 Bd3 45. Rc1 Nh5 46. Rc7 Rb6 47. Kh2 Ba6 48. Re7 Rb4 49. Nxg7 Nxg7 50. Nf5 Kg6 51. Nxg7 Kf6 52. Rc7 Rxa4 53. Ne8+ Ke5 54. Rh7 b5 55. Rxh6 b4 56. Rb6 Bd3 57. h4 Kd4 58. h5 Kc3 59. Nf6 b3 60. Nd5+ Kb2 61. Ne3 Ra5 62. h6 Rh5+ 63. Kg3 Ka3 64. Nd1 Rh1 65. Nc3 b2 66. Kg2 Rh5 67. Kg3 e3 68. fxe3 Rc5 69. h7 Bxh7 70. Ra6+ Kb4 71. Nd1 b1=Q 72. Rb6+ Kc4 0-1

[Event "Belt and Road Women 2024"]
[Site "Yuecheng Shaoxing"]
[Date "2024.07.28"]
[Round "5.11"]
[White "Soumya, Swaminathan"]
[Black "Yang, Yijing"]
[Result "1/2-1/2"]
[ECO "B12"]
[WhiteElo "2258"]
[BlackElo "2022"]
[Annotator "RC"]
[PlyCount "110"]
[EventDate "2024.08.01"]
[EventType "swiss"]
[EventCountry "CHN"]
[SourceTitle "playchess.com"]
[Source "ChessBase"]
[SourceQuality "1"]
[TimeControl "5400+30"]

1. e4 c6 2. d4 d5 3. e5 Bf5 4. g4 Bg6 5. e6 Qd6 6. exf7+ Bxf7 7. Nc3 Nd7 8. f4 g5 9. Nh3 gxf4 10. Bxf4 e5 11. dxe5 Nxe5 12. Qe2 Bg7 13. O-O-O Ne7 14. Kb1 N7g6 15. Bg3 O-O 16. Ng5 Qb4 17. a3 Qxg4 18. Qe3 Rae8 19. Be2 Nc4 20. Qxe8 Qxg5 21. Qd7 Nxa3+ 22. bxa3 Bxc3 23. Bc7 Qe3 24. Rd3 Qc5 25. Rxc3 Qxc3 26. Rf1 d4 27. Bd6 Ba2+ 28. Kxa2 Qxc2+ 29. Ka1 Rxf1+ 30. Bxf1 Qc1+ 31. Ka2 Qxf1 32. Qc8+ Kg7 33. Qxb7+ Qf7+ 34. Qxf7+ Kxf7 35. Kb3 Ke6 36. Bc5 Kd5 37. Bxa7 c5 38. a4 c4+ 39. Kc2 Ne5 40. a5 Nc6 41. Bb6 Nb4+ 42. Kd1 c3 43. Bd8 d3 44. Be7 Na6 45. Bg5 Kc4 46. h4 Kb5 47. Bf6 c2+ 48. Kd2 Kxa5 49. Bg5 Nc5 50. Kc3 Kb5 51. Bh6 Kc6 52. Kc4 Kd6 53. Bf4+ Kc6 54. Bh6 Kb6 55. Be3 Kc6 1/2-1/2

[Event "Belt and Road Women 2024"]
[Site "Yuecheng Shaoxing"]
[Date "2024.07.28"]
[Round "5.12"]
[White "Zhang, Xiao"]
[Black "Wang, Yu A."]
[Result "1/2-1/2"]
[ECO "E54"]
[WhiteElo "2193"]
[BlackElo "2234"]
[Annotator "RC"]
[PlyCount "100"]
[EventDate "2024.08.01"]
[EventType "swiss"]
[EventCountry "CHN"]
[SourceTitle "playchess.com"]
[Source "ChessBase"]
[SourceQuality "1"]
[TimeControl "5400+30"]

1. d4 Nf6 2. c4 e6 3. Nc3 Bb4 4. e3 O-O 5. Bd3 d5 6. Nf3 dxc4 7. Bxc4 c5 8. O-O b6 9. a3 Bxc3 10. bxc3 Bb7 11. Bb2 Qc7 12. Be2 Nc6 13. c4 cxd4 14. exd4 Rfd8 15. Re1 Rac8 16. Rc1 Na5 17. Ne5 Nc6 18. Nf3 Na5 19. Ne5 Nc6 20. Bd3 Qd6 21. Nxc6 Qxc6 22. f3 Ne8 23. Qc2 h6 24. Re5 Ba6 25. Qc3 f6 26. Re4 Qd7 27. Qe1 e5 28. d5 b5 29. Rd1 bxc4 30. Bb1 Qb5 31. Bc3 Rxd5 32. Rc1 Qc5+ 33. Kh1 Rcd8 34. Bc2 Qd6 35. f4 Bb7 36. fxe5 fxe5 37. Bxe5 Qd7 38. Bf4 Nf6 39. Rxc4 Re8 40. Qg3 Nh5 41. Qc3 Nxf4 42. Rxf4 Rd2 43. Bb3+ Kh8 44. Rf7 Bxg2+ 45. Kg1 Qg4 46. Qxd2 Bd5+ 47. Kf1 Qh3+ 48. Kg1 Qg4+ 49. Kf1 Qh3+ 50. Kg1 Qg4+ 1/2-1/2

[Event "Belt and Road Women 2024"]
[Site "Yuecheng Shaoxing"]
[Date "2024.07.28"]
[Round "5.13"]
[White "Wang, Qinxuanyi"]
[Black "Kairbekova, Amina"]
[Result "1-0"]
[ECO "E97"]
[WhiteElo "2149"]
[BlackElo "2244"]
[Annotator "RC"]
[PlyCount "81"]
[EventDate "2024.08.01"]
[EventType "swiss"]
[EventCountry "CHN"]
[SourceTitle "playchess.com"]
[Source "ChessBase"]
[SourceQuality "1"]
[TimeControl "5400+30"]

1. d4 Nf6 2. c4 g6 3. Nc3 Bg7 4. e4 d6 5. Nf3 O-O 6. Be2 e5 7. O-O Nc6 8. d5 Ne7 9. b4 Ne8 10. c5 f5 11. Ng5 h6 12. Ne6 Bxe6 13. dxe6 fxe4 14. cxd6 cxd6 15. Nxe4 d5 16. Nc5 Nf6 17. Bb2 b6 18. Nd3 e4 19. Ne5 Qd6 20. Nd7 Nxd7 21. Bxg7 Kxg7 22. exd7 Qxd7 23. Qd4+ Kh7 24. Rfd1 Rad8 25. Rac1 Nf5 26. Qe5 Rfe8 27. Qf4 Re7 28. h4 d4 29. h5 g5 30. Qd2 Ng7 31. Re1 d3 32. Bd1 Qd4 33. Rc6 Rf8 34. Bb3 b5 35. Rc3 Rxf2 36. Qxf2 e3 37. Rxe3 Rxe3 38. Rc1 g4 39. Bf7 Re4 40. Bg6+ Kg8 41. Rc8+ 1-0

[Event "Belt and Road Women 2024"]
[Site "Yuecheng Shaoxing"]
[Date "2024.07.28"]
[Round "5.14"]
[White "Gu, Xiaobing"]
[Black "Hu, Jiani"]
[Result "1/2-1/2"]
[ECO "B42"]
[WhiteElo "2135"]
[BlackElo "2148"]
[Annotator "RC"]
[PlyCount "121"]
[EventDate "2024.08.01"]
[EventType "swiss"]
[EventCountry "CHN"]
[SourceTitle "playchess.com"]
[Source "ChessBase"]
[SourceQuality "1"]
[TimeControl "5400+30"]

1. e4 c5 2. Nf3 e6 3. d4 cxd4 4. Nxd4 a6 5. Bd3 Qc7 6. O-O Nf6 7. Qe2 d6 8. c4 Be7 9. Nc3 O-O 10. f4 e5 11. Nf3 Bg4 12. Nd5 Qd8 13. Be3 Nbd7 14. f5 Nxd5 15. cxd5 Bxf3 16. Qxf3 Bg5 17. Bf2 Rc8 18. Qg4 Nc5 19. Rad1 Na4 20. Qe2 Qf6 21. g3 h5 22. h4 Bh6 23. Bc2 Nxb2 24. Ra1 Nc4 25. Bd3 b5 26. Qxh5 Be3 27. Bxe3 Nxe3 28. Rfc1 Qd8 29. Qe2 Qb6 30. Kh1 Qd4 31. Rab1 Rfd8 32. Rxc8 Rxc8 33. Re1 Rc3 34. Qxe3 Rxd3 35. Qxd4 Rxd4 36. Re2 g6 37. f6 g5 38. Kg2 g4 39. Kf2 Kh7 40. Ke3 Kg6 41. Rf2 Ra4 42. Rc2 Kxf6 43. Rf2+ Kg6 44. Rc2 f5 45. exf5+ Kxf5 46. Rf2+ Kg6 47. Rc2 Ra3+ 48. Ke4 Ra4+ 49. Ke3 Kf5 50. Rf2+ Kg6 51. Rc2 Rd4 52. Rc6 Rxd5 53. Rxa6 Rd4 54. a3 Kf5 55. Kf2 Ke6 56. Ra8 Ra4 57. Rg8 Kf5 58. Rf8+ Kg6 59. Rd8 Rd4 60. Ke3 Kf6 61. Rf8+ 1/2-1/2

[Event "Belt and Road Women 2024"]
[Site "Yuecheng Shaoxing"]
[Date "2024.07.28"]
[Round "5.15"]
[White "Ha, Yihan"]
[Black "Bai, Xue"]
[Result "1/2-1/2"]
[ECO "D36"]
[WhiteElo "2166"]
[BlackElo "2114"]
[Annotator "RC"]
[PlyCount "70"]
[EventDate "2024.08.01"]
[EventType "swiss"]
[EventCountry "CHN"]
[SourceTitle "playchess.com"]
[Source "ChessBase"]
[SourceQuality "1"]
[TimeControl "5400+30"]

1. d4 Nf6 2. c4 e6 3. Nc3 d5 4. cxd5 exd5 5. Bg5 Be7 6. e3 c6 7. Bd3 O-O 8. Qc2 h6 9. Bh4 Nbd7 10. Nf3 Re8 11. O-O Ne4 12. Bxe4 Bxh4 13. Bh7+ Kh8 14. Nxh4 Qxh4 15. Bd3 Nf6 16. Rae1 Ng4 17. h3 Nf6 18. f3 Nh5 19. Qf2 Qxf2+ 20. Kxf2 Be6 21. g4 Nf6 22. b4 b6 23. Rc1 Bd7 24. Rfe1 Rac8 25. e4 dxe4 26. fxe4 Be6 27. e5 Nd5 28. Nxd5 Bxd5 29. a3 Rcd8 30. Rc3 Re7 31. Rec1 f6 32. exf6 Rf8 33. b5 Rxf6+ 34. Kg1 Re3 35. Bf1 Rxc3 1/2-1/2

[Event "Belt and Road Women 2024"]
[Site "Yuecheng Shaoxing"]
[Date "2024.07.28"]
[Round "5.16"]
[White "Wang, Chuqiao"]
[Black "Li, Xueyi"]
[Result "1/2-1/2"]
[ECO "D45"]
[WhiteElo "2278"]
[BlackElo "2209"]
[Annotator "RC"]
[PlyCount "101"]
[EventDate "2024.08.01"]
[EventType "swiss"]
[EventCountry "CHN"]
[SourceTitle "playchess.com"]
[Source "ChessBase"]
[SourceQuality "1"]
[TimeControl "5400+30"]

1. d4 d5 2. c4 c6 3. Nf3 Nf6 4. Nc3 a6 5. e3 e6 6. Qc2 Nbd7 7. Bd3 dxc4 8. Bxc4 b5 9. Be2 Bb7 10. O-O c5 11. dxc5 Bxc5 12. e4 Qc7 13. Bd3 Ne5 14. Nxe5 Qxe5 15. Nd5 Nxe4 16. Bxe4 Bxd5 17. Bxd5 Qxd5 18. Rd1 Qc4 19. Qxc4 bxc4 20. Bf4 Ke7 21. Rac1 Rhd8 22. Rxd8 Rxd8 23. Kf1 Bd4 24. Rxc4 Bxb2 25. Bg5+ Bf6 26. Be3 Rd5 27. Ke2 Kd7 28. a4 Rh5 29. Bf4 Rd5 30. Rc7+ Kd8 31. Rc2 Be5 32. Bd2 Kd7 33. Be3 Bd4 34. Bf4 Rf5 35. g3 g5 36. Rd2 gxf4 37. Rxd4+ Kc6 38. gxf4 Rh5 39. Rc4+ Kb6 40. Ke3 Rxh2 41. f5 Rh5 42. fxe6 fxe6 43. Re4 e5 44. Rc4 Rh6 45. Re4 Re6 46. Rh4 Re7 47. Ke4 Kc5 48. Rh5 Kd6 49. Rh6+ Re6 50. Rxh7 Rf6 51. Rh4 1/2-1/2